AoeStats
← tobinho_125

Black Forest

504572401Analyzed
4v4 RM · 26d ago on Sep 5, 2026· 64m 23s· 8 players
Game mode
Random Map
Map size
Large (8 player)
Population
200
Speed
Normal
Resources
Standard
Victory
Conquest
Starting age
Dark Age
Ending age
Imperial Age
RankedLock teamsTeams togetherTeam positionsShared explorationLock speedFull tech treeHidden civsTurbo modeCheats
Victory
Defeat
🇵🇪 Khmer · Peru
882
+14
🇵🇪 Bohemians · Peru
817
+17
🇵🇪 Slavs · Peru
809
+17
🇺🇸 Franks · United States
805
+17
🇩🇪 Romans · Germany
871
-18
🇩🇪 Wu · Germany
856
-17
🇹🇷 Celts · Türkiye
825
-16
🇬🇧 Ethiopians · United Kingdom
785
-14
Beau6137
0:30 Loom
12:40 Feudal Age
13:09 Horse Collar
13:20 Double-Bit Axe
13:25 Town Watch
14:16 Wheelbarrow
21:48 Castle Age
21:02 Stone Mining
21:03 Gold Mining
22:37 Heavy Plow
22:49 Bow Saw
22:57 Hand Cart
24:33 Stone Shaft Mining
24:42 Gold Shaft Mining
28:28 Caravan
33:09 Imperial Age
34:22 Conscription
33:24 Elite Shotel Warrior
34:05 Royal Heirs
34:39 Squires
34:25 Arson
34:01 Halberdier
35:04 Forging
34:55 Scale Mail Armor
37:20 Iron Casting
37:00 Chain Mail Armor
tobinho_125
9:10 Loom
11:43 Feudal Age
13:47 Double-Bit Axe
16:14 Castle Age
14:13 Horse Collar
15:09 Padded Archer Armor
15:09 Scale Mail Armor
17:31 Bow Saw
18:33 Wheelbarrow
19:01 Town Watch
20:50 Leather Archer Armor
20:45 Forging
20:53 Chain Mail Armor
22:41 Caravan
24:25 Pikeman
25:37 Heavy Plow
31:17 Imperial Age
30:51 Hand Cart
30:36 Town Patrol
31:37 Gold Mining
32:12 Ballistics
32:25 Capped Ram
32:27 Onager
33:56 Conscription
33:11 Halberdier
34:43 Ring Archer Armor
34:03 Fletching
36:03 Ballistas
35:27 Siege Ram
モ大は題の
0:26 Loom
13:36 Feudal Age
14:03 Double-Bit Axe
22:18 Castle Age
20:07 Town Watch
24:05 Wheelbarrow
27:00 Fortified Wall
28:55 Hand Cart
30:38 Fishing Lines
31:20 Gillnets
34:35 Imperial Age
34:19 Ballistics
33:40 Treadmill Crane
34:12 Masonry
33:58 Murder Holes
34:31 Fletching
34:52 Forging
34:42 Scale Mail Armor
36:57 Furor Celtica
37:08 Town Patrol
36:54 Pikeman
39:23 Onager
41:35 Siege Engineers
44:58 Chemistry
44:02 Bodkin Arrow
45:14 Iron Casting
44:54 Chain Mail Armor
45:01 Chain Mail Armor
48:00 Conscription
48:13 Plate Mail Armor
49:15 Halberdier
50:37 Iron Casting
49:59 Stronghold
Cramgee
11:20 Loom
14:04 Feudal Age
15:55 Arson
16:24 Horse Collar
16:32 Double-Bit Axe
20:28 Castle Age
25:55 Bow Saw
27:14 Forging
33:14 Murder Holes
33:13 Fletching
33:24 Padded Archer Armor
34:01 Iron Casting
35:53 Bodkin Arrow
isthisthingon
2:56 Loom
14:05 Feudal Age
15:16 Gold Mining
15:15 Double-Bit Axe
22:48 Castle Age
23:22 Stone Mining
25:47 Husbandry
30:28 Gold Shaft Mining
30:23 Fletching
33:44 Bow Saw
33:58 Murder Holes
39:04 Imperial Age
41:19 Cavalier
44:59 Onager
47:31 Ballistics
50:35 Chemistry
52:54 Siege Engineers
54:30 Elite Throwing Axeman
PlyerX
10:33 Feudal Age
12:06 Wheelbarrow
12:09 Horse Collar
12:16 Double-Bit Axe
16:44 Gold Mining
21:37 Castle Age
20:19 Stone Mining
23:18 Hand Cart
23:40 Bow Saw
23:48 Heavy Plow
29:15 Gold Shaft Mining
31:38 Husbandry
33:32 Town Watch
33:34 Loom
35:29 Scale Barding Armor
35:35 Forging
35:50 Ballistics
39:25 Imperial Age
40:36 Cavalier
42:17 Squires
41:38 Pikeman
41:40 Man-at-Arms
42:36 Long Swordsman
44:12 Masonry
45:06 Chemistry
44:00 Elite Skirmisher
47:59 Halberdier
50:58 Crop Rotation
53:47 Masonry
Yailes<3
0:34 Loom
11:48 Feudal Age
15:12 Fishing Lines
15:26 Double-Bit Axe
15:41 Gold Mining
19:04 Castle Age
19:11 Stone Mining
20:49 Bow Saw
21:51 Gillnets
22:56 Horse Collar
28:41 Wheelbarrow
30:23 Ballistics
30:07 Husbandry
30:18 Bloodlines
30:11 Fletching
30:40 Town Watch
31:12 Hand Cart
30:42 Light Cavalry
32:12 Forging
32:10 Scale Barding Armor
32:55 Tusk Swords
34:01 Chain Barding Armor
33:37 Bodkin Arrow
35:28 Forging
39:07 Imperial Age
37:49 Iron Casting
38:08 Gold Shaft Mining
39:42 Hussar
42:06 Town Patrol
43:25 Conscription
44:55 Elite Ballista Elephant
50:55 Chemistry
50:03 Bracer
63:40 Spies/Treason
Aryey
11:01 Feudal Age
12:29 Wheelbarrow
14:27 Double-Bit Axe
14:24 Horse Collar
19:31 Castle Age
20:43 Hand Cart
23:36 Bow Saw
29:12 Heavy Plow
32:45 Imperial Age
34:32 Elite Hussite Wagon
38:53 Wagenburg Tactics
39:19 Conscription
43:24 Hussite Reforms
45:01 Caravan
45:32 Coinage
45:12 Guilds
64:30 Caravan
65:01 Coinage
64:41 Guilds
Connection lost

Rejoining the realm…

Still unreachable

The connection could not be restored.

Session expired

The server has moved on; the page needs a fresh start.